 Dungeon Crawl Stone Soup version 0.29-a0-330-g52719c12eb (webtiles) character file.

Game seed: 15279556918481220079

708 kae the Firebug (level 7, -1/78 (85) HPs)
             Began as a Demigod Fire Elementalist on May 11, 2022.
             Slain by a wight
             ... wielding a +2 short sword of freezing
              (2 damage)
             ... on level 5 of the Dungeon.
             The game lasted 00:04:00 (5930 turns).

kae the Firebug (Demigod Fire Elementalist)         Turns: 5930, Time: 00:04:01

HP:   -1/78 (85)    AC: 23    Str: 12    XL:     7   Next: 16%
MP:   11/15         EV:  2    Int: 25    God:
Gold: 210           SH:  0    Dex: 14    Spells: 3/12 levels left

rFire   . . .      SeeInvis .   x - +1 morningstar of Distraction {freeze, Will+ Str+3}
rCold   . . .      Faith    .   (no shield)
rNeg    . . .      Spirit   .   (body armour currently unavailable)
rPois   +          Reflect  .   (helmet currently unavailable)
rElec   .          Harm     .   (cloak currently unavailable)
rCorr   .          Rampage  .   (gloves currently unavailable)
Will    +....      NoTele   +   (boots currently unavailable)
Stlth   ++........              v - amulet of magic regeneration
HPRegen 0.23/turn               (no ring)
MPRegen 0.54/turn               (no ring)

@: tree-form, drained
A: stationary, stasis, torment immunity, boosted hp, high MP 1, forlorn, divine
attributes
a: no special abilities


You were on level 5 of the Dungeon.
You were a tree.
You visited 1 branch of the dungeon, and saw 5 of its levels.

You collected 210 gold pieces.

Inventory:

Hand Weapons
 x - the +1 morningstar of Distraction (weapon) {freeze, Will+ Str+3}
   (You found it on level 4 of the Dungeon)

   It freezes those it strikes, dealing additional cold damage.
   It can also slow down cold-blooded creatures.
   Str:       It affects your strength (+3).
   Will:      It increases your willpower.
Missiles
 f - a throwing net
Armour
 a - a +1 robe
 o - the +3 leather armour of the Sturgeon (melded) {Int+4}
   (You found it on level 2 of the Dungeon)

   Int:       It affects your intelligence (+4).
 r - a scarf of resistance
Jewellery
 v - an amulet of magic regeneration (around neck)
 w - a ring of protection from cold
Wands
 u - a wand of iceblast (12)
Scrolls
 d - a scroll of brand weapon
 e - a scroll of fog
 i - a scroll of holy word
 k - a scroll of teleportation
Potions
 b - a potion of magic
 c - a potion of brilliance
 g - a potion of curing
 h - 2 potions of lignification
 j - 3 potions of heal wounds {unknown}
 l - a potion of mutation {unknown}
 m - a potion of haste {unknown}
 n - a potion of ambrosia {unknown}
 p - a potion of berserk rage {unknown}
 q - a potion of attraction {unknown}
 s - 2 potions of resistance {unknown}
 t - a potion of invisibility {unknown}


   Skills:
 + Level 3.0 Fighting
 + Level 3.6 Dodging
 - Level 1.7 Stealth
 + Level 3.4 Spellcasting
 + Level 3.2 Conjurations
 + Level 4.3 Fire Magic


You had 3 spell levels left.
You knew the following spells:

 Your Spells              Type           Power      Damage    Failure   Level
a - Foxfire               Conj/Fire      92%        2x1d8     1%          1
b - Scorch                Fire           50%        2d7       2%          2
c - Conjure Flame         Conj/Fire      23%        6-21      6%          3
d - Inner Flame           Hex/Fire       15%        N/A       12%         3

Your spell library contained the following spells:

 Spells                   Type           Power      Damage    Failure   Level
 Sublimation of Blood     Necr           4%         N/A       14%         2
 Flame Wave               Conj/Fire      23%        2d7       21%         4
 Petrify                  Tmut/Erth      4%         N/A       67%         4
 Irradiate                Conj/Tmut      6%         3d15      80%         5
 Malign Gateway           Summ/Tloc      2%         N/A       100%        7
 Summon Horrible Things   Summ           2%         N/A       100%        8


Dungeon Overview and Level Annotations

Branches:
Dungeon (5/15)
 Temple: D:4-7

Annotations:
D:2 1 runed translucent door, Crazy Yiuf
D:3 2 runed translucent doors, Crownlay's ghost, amateur OpEE


Innate Abilities, Weirdness & Mutations

You are a tree.
Your roots penetrate the ground, keeping you stationary.
You cannot be teleported.
You are immune to unholy pain and torment.
Your maximum health is greatly increased.
Your equipment is partially melded.
You have an increased reservoir of magic. (+10% MP)
You shall have no god before yourself.
Your divine heritage dramatically boosts your attributes as you level up.


Message History

Casting: Foxfire (safe; 1% risk of failure)
Confirm with . or Enter, or press ? or * to list all spells.
Flames lash the wight but do no damage.
The wight hits you but does no damage. The wight hits you with a +5 scimitar!
The wight hits you but does no damage.
The wight hits you but does no damage. x3
Casting: Scorch (safe; 2% risk of failure)
Confirm with . or Enter, or press ? or * to list all spells.
Flames lash the wight.
The wight is severely damaged.
The wight's fire resistance burns away.
The wight hits you with a +0 scimitar.
You feel drained. The wight hits you with a +5 scimitar.
You feel drained.
The wight hits you with a +2 short sword of freezing.
You feel drained. The wight freezes you. The wight hits you with a +0 scimitar.
You feel drained. The wight hits you but does no damage.
The wight hits you with a +2 short sword of freezing.
The wight freezes you.
* * * LOW HITPOINT WARNING * * *
Casting: Scorch (safe; 2% risk of failure)
Confirm with . or Enter, or press ? or * to list all spells.
Flames lash the wight.
The wight is heavily damaged.
The wight's fire resistance burns away.
The wight hits you but does no damage. x2
The wight hits you with a +5 scimitar!
* * * LOW HITPOINT WARNING * * *
The wight hits you but does no damage. The wight completely misses you.
The wight hits you with a +2 short sword of freezing!
* * * LOW HITPOINT WARNING * * *
You feel drained.
* * * LOW HITPOINT WARNING * * *
The wight freezes you.
* * * LOW HITPOINT WARNING * * *
Casting: Scorch (safe; 2% risk of failure)
Confirm with . or Enter, or press ? or * to list all spells.
Flames lash the wight but do no damage.
The wight hits you but does no damage. x3
The wight hits you but does no damage.
The wight hits you with a +2 short sword of freezing.
* * * LOW HITPOINT WARNING * * *
The wight freezes you.
You die...

##....###....#
##..........#....
#.†..).....##. .
#..........#..
#............#
#............#
##..........##
##.........##
...>......♣.#
.........zzz#
...........#
..####..## # ##..
##. #


You could see 3 wights.

Vanquished Creatures
  A water moccasin (D:4)
  3 phantoms
  A scorpion (D:5)
  A wight (D:5)
  A hound (D:4)
  2 iguanas
  An orc wizard (D:3)
  3 adders
  An ufetubus (D:4)
  2 worms (D:3)
  4 dart slugs
  12 orcs
  12 ball pythons
  13 bats
  10 endoplasms
  3 giant cockroaches
  8 goblins
  8 hobgoblins
  3 jackals (D:2)
  9 kobolds
  2 quokkas (D:2)
  2 frilled lizards
  3 rats (D:1)
105 creatures vanquished.

Vanquished Creatures (others)
  386 foxfires
386 creatures vanquished.

Grand Total: 491 creatures vanquished

Notes
Turn   | Place    | Note
-------+----------+-------------------------------------------
     0 | D:1      | kae the Demigod Fire Elementalist began the quest for the
                  | Orb.
     0 | D:1      | Reached XP level 1. HP: 14/14 MP: 5/5
    73 | D:1      | Reached skill level 1 in Conjurations
   376 | D:1      | Reached XP level 2. HP: 21/22 MP: 4/7
   977 | D:1      | Reached skill level 3 in Fire Magic
  1288 | D:1      | Reached XP level 3. HP: 27/27 MP: 5/8
  1629 | D:2      | Reached skill level 1 in Fighting
  1887 | D:2      | Found a runed translucent door.
  1888 | D:2      | Noticed Crazy Yiuf
  1936 | D:2      | Noticed a necrophage
  2029 | D:1      | Learned a level 2 spell: Scorch
  2033 | D:1      | Learned a level 3 spell: Conjure Flame
  2471 | D:2      | Identified the +3 leather armour of the Sturgeon {Int+4}
  3049 | D:3      | Identified the +3 chain mail "Sagon" {rF- Regen+ Str+4
                  | Int+4}
  3266 | D:3      | Reached XP level 4. HP: 35/35 MP: 5/10
  4164 | D:3      | Found a large runed translucent door.
  4165 | D:3      | Found a large runed translucent door.
  4167 | D:3      | Noticed Crownlay's ghost (amateur OpEE)
  4262 | D:4      | Reached XP level 5. HP: 35/41 MP: 6/11
  4353 | D:4      | Learned a level 3 spell: Inner Flame
  4849 | D:4      | Noticed a water moccasin
  5149 | D:4      | Killed a water moccasin
  5150 | D:4      | Reached XP level 6. HP: 20/50 MP: 8/13
  5569 | D:4      | Identified the +1 morningstar of Distraction {freeze, Will+
                  | Str+3}
  5613 | D:5      | Entered Level 5 of the Dungeon
  5727 | D:5      | Reached skill level 4 in Fire Magic
  5880 | D:5      | Reached XP level 7. HP: 51/56 MP: 15/15
  5930 | D:5      | HP: 1/78 [wight/+2 short sword of freezing (3)]
  5930 | D:5      | Slain by a wight

Illustrated notes

Levels and vault maps discovered:
D:1:      psy_arrival_statuary, layout_loops_cross,
          hellmonk_ecumenical_altar_blasted
D:2:      layout_loops_ring, basic_altar, uniq_crazy_yiuf_cottage
D:3:      layout_loops_ring, ebering_ghost_disaster_area, minmay_pentomino_pile
D:4:      minmay_clustersquares, layout_basic, pf_just_have_faith,
          due_unseen_surprise
D:5:      layout_cave_pods, kennysheep_generic_room_16, uniq_eustachio,
          uniq_blork_the_orc, uniq_grinder

Skill      XL: |  1  2  3  4  5  6  7 |
---------------+----------------------+-----
Conjurations   | 1 2 3 |  3.2
Dodging        | 2 3 |  3.6
Spellcasting   | 2 3 |  3.4
Fire Magic     | 3 4 |  4.3
Fighting       | 1 2 3 |  3.0
Stealth        | |  1.7

Action                   |  1- 3 |  4- 6 |  7- 9 || total
-------------------------+-------+-------+-------++-------
Melee: Unarmed           |     2 |    27 |       ||    29
 Cast: Foxfire           |   140 |    88 |     6 ||   234
       Scorch            |     1 |    19 |     4 ||    24
       Conjure Flame     |       |     1 |       ||     1
  Use: Scroll            |     7 |     7 |       ||    14
       Potion            |       |     3 |     1 ||     4
Armor: Robe              |     6 |       |       ||     6
       Leather armour    |       |    31 |     1 ||    32
       Skin              |       |       |    14 ||    14
Dodge: Dodged            |    25 |    61 |     5 ||    91

Table legend: (Time is in decaauts)
 A = Elapsed time spent in this place.
 B = Non-inter-level travel time spent in this place.
 C = Inter-level travel time spent in this place.
 D = Time resting spent in this place.
 E = Time spent auto-exploring this place.
 F = Levels seen in this place.
 G = Mean time per level.
                   A        B        C        D        E       F      G
               +--------+--------+--------+--------+--------+-----+--------+
         Total |   5929 |   5799 |    130 |      5 |   4845 |   5 | 1185.8 |
       Dungeon |   5929 |   5799 |    130 |      5 |   4845 |   5 | 1185.8 |
               +--------+--------+--------+--------+--------+-----+--------+

Top non-repeatable levels by time:
     D:1: 1596 daAuts
     D:4: 1410 daAuts
     D:3: 1316 daAuts
     D:2: 1289 daAuts
     D:5: 316 daAuts
